Map: Kairos Junction LE

Players

Marsman

  • Race: Protoss Protoss
  • League: Grandmaster
  • Spawn Location: 5:00

liquidthermy (uThermal) - Winner!

  • Race: Terran Terran
  • League: Master
  • Spawn Location: 11:00

Event: DSCL Nationals 2018 - Finals

VOD

Have the link to the VOD?

Description

Time

  • Played on: Dec. 1, 2018, 11:05 a.m.
  • Length: 9:08

All games in this series

Show
View Real Time Build Order
Export as new Build Order

Marsman Protoss 

Build Orders: 1 Gate Expand, Blink Stalkers, Colossus Rush 

Get SALT Encoding   

  12  0:00  Probe  
  13  0:14  Probe  
  13  0:18  Pylon  
  14  0:27  Probe  
  15  0:37  Probe, Gateway  
  16  0:43  Assimilator  
  16  0:45  Probe  
  17  0:53  Probe  
  18  1:05  Probe  
  19  1:17  Probe  
  20  1:24  Cybernetics Core  
  20  1:34  Nexus  
  20  1:39  Assimilator  
  20  1:45  Pylon  
  20  1:49  Probe  
  20  1:52  Adept  
  23  2:03  Probe, Warp Gate  
  24  2:09  Stalker  
  24  2:15  Probe  
  27  2:28  Probe  
  28  2:40  Probe  
  28  2:44  Probe  
  30  2:52  Probe x2, Twilight Council  
  30  2:57  Stalker  
  34  3:00  Blink  
  34  3:01  Probe  
  34  3:04  Probe  
  36  3:13  Probe  
  36  3:16  Probe  
  38  3:26  Probe  
  39  3:29  Gateway  
  39  3:31  Gateway  
  39  3:35  Probe  
  39  3:38  Probe  
  41  3:43  Pylon  
  41  3:47  Probe  
  42  3:49  Robotics Facility  
  42  3:50  Probe  
  43  3:56  Assimilator  
  43  3:59  Probe  
  43  4:02  Probe  
  45  4:05  Stalker  
  47  4:11  Probe  
  47  4:14  Probe  
  49  4:20  Pylon  
  49  4:23  Probe  
  50  4:24  Stalker  
  50  4:26  Stalker  
  54  4:34  Pylon  
  54  4:38  Probe, Observer, Stalker  
  56  4:42  Probe  
  59  4:46  Robotics Bay  
  59  4:47  Assimilator  
  59  4:50  Probe  
  60  4:53  Stalker  
  60  4:54  Stalker  
  60  4:59  Probe  
  63  5:09  Stalker  
  65  5:20  Probe  
  64  5:25  Probe  
  65  5:30  Observer  
  65  5:32  Probe, Forge, Pylon  
  65  5:33  Extended Thermal Lance  
  67  5:37  Probe  
  68  5:47  Colossus  
  74  5:57  Protoss Ground Weapons Level 1  
  74  6:02  Probe x2  
  74  6:04  Nexus  
  74  6:13  Pylon x2  
  74  6:25  Gateway  
  73  6:27  Gateway  
  73  6:30  Colossus  
  72  6:41  Stalker x2  
  78  6:47  Stalker  
  80  7:00  Charge  
  80  7:03  Probe x2, Gateway  
  80  7:06  Gateway  
  81  7:09  Sentry x2  
  81  7:15  Pylon  
  85  7:17  Pylon  
  85  7:18  Probe x2  
  86  7:23  Probe  
  86  7:24  Stalker  
  86  7:25  Stalker  
  91  7:30  Probe  
  90  7:48  Probe, Colossus  
  90  7:49  Probe  
  92  7:52  Probe  
  93  8:00  Probe  
  93  8:01  Probe  
  93  8:03  Stalker  
  93  8:05  Probe  
  104  8:12  Probe, Zealot x2  
  109  8:15  Pylon  
  109  8:17  Pylon  
  109  8:28  Templar Archives  
  109  8:30  Probe  
  109  8:33  Probe x2  
  111  8:39  Zealot x3  
  111  8:40  Zealot x3  
  123  8:42  Probe  
  87  8:59  Zealot x4  
  87  9:00  Zealot x3  
Show
View Real Time Build Order
Export as new Build Order

liquidthermy Terran - Winner!

Build Orders: Reaper Expand 

Get SALT Encoding   

  12  0:01  SCV  
  13  0:13  SCV  
  14  0:16  Supply Depot  
  14  0:25  SCV  
  15  0:38  SCV  
  15  0:40  Barracks  
  16  0:43  Refinery  
  16  0:50  SCV  
  17  1:02  SCV  
  18  1:14  SCV  
  19  1:27  Orbital Command, Reaper  
  20  1:40  Command Center  
  20  1:47  Supply Depot  
  20  1:52  SCV  
  21  1:59  Marine  
  22  2:05  SCV  
  22  2:07  Factory  
  23  2:12  Refinery  
  23  2:17  SCV  
  23  2:20  Barracks Reactor  
  24  2:29  SCV  
  25  2:42  SCV  
  26  2:50  Starport  
  26  2:52  Orbital Command  
  26  2:54  Bunker  
  26  2:55  Widow Mine, SCV  
  26  2:56  Marine x2  
  31  3:07  SCV  
  32  3:14  Marine x2  
  32  3:18  SCV  
  32  3:19  Widow Mine, SCV  
  38  3:26  Medivac  
  39  3:28  Barracks  
  39  3:31  SCV x2  
  39  3:33  Marine  
  42  3:35  Marine  
  42  3:39  Supply Depot  
  43  3:41  Widow Mine  
  43  3:47  Barracks  
  45  3:49  SCV  
  46  4:00  Marine x2, SCV  
  46  4:02  Supply Depot  
  49  4:03  Factory Tech Lab  
  49  4:04  Starport Tech Lab  
  49  4:08  Engineering Bay, SCV  
  50  4:13  SCV  
  51  4:19  Marine x2  
  51  4:20  SCV  
  54  4:26  Refinery, Stimpack  
  54  4:29  SCV  
  54  4:30  Factory Reactor  
  55  4:33  Starport Reactor  
  55  4:35  Missile Turret  
  55  4:37  Marine, Terran Infantry Weapons Level 1  
  56  4:40  SCV  
  56  4:41  SCV  
  56  4:43  Supply Depot  
  58  4:47  Marine  
  58  4:51  Supply Depot, Marine  
  58  4:52  SCV  
  61  4:54  SCV  
  62  5:04  Marine  
  62  5:05  Combat Shield, SCV  
  62  5:06  SCV  
  67  5:07  Widow Mine  
  67  5:09  Supply Depot  
  67  5:13  Medivac  
  67  5:17  SCV  
  67  5:18  Marauder, Marine, SCV  
  70  5:24  Refinery  
  70  5:27  Supply Depot, Marine, Widow Mine  
  70  5:28  Marine  
  73  5:30  SCV  
  73  5:33  Widow Mine  
  77  5:36  Marine  
  77  5:37  Supply Depot  
  77  5:38  Medivac  
  80  5:43  Medivac  
  80  5:44  Marine  
  80  5:45  Marine  
  84  5:51  Supply Depot  
  84  5:52  Widow Mine  
  84  5:54  Marine  
  84  5:55  Widow Mine  
  89  6:06  Marine  
  89  6:08  Marine  
  89  6:11  Marauder  
  93  6:17  Command Center  
  89  6:18  Medivac  
  89  6:19  Medivac  
  89  6:21  Marine  
  94  6:26  Marauder  
  94  6:27  Concussive Shells  
  94  6:31  Marine  
  95  6:33  Barracks  
  95  6:34  Barracks, Liberator  
  95  6:36  Widow Mine x2  
  97  6:44  Marine  
  97  6:45  Marauder  
  100  6:47  SCV x2  
  105  6:56  Supply Depot  
  105  6:59  Marine, SCV  
  105  7:00  Marauder, Liberator  
  109  7:02  Marine  
  110  7:18  Widow Mine, SCV x2  
  117  7:26  Marine  
  117  7:28  Barracks Tech Lab x2  
  117  7:29  Marauder, Widow Mine  
  117  7:42  Medivac  
  117  7:44  Marine  
  117  7:45  Marauder  
  117  7:49  Marine x2, Widow Mine  
  117  7:50  Marauder x2, Widow Mine, SCV  
  125  7:53  Orbital Command  
  125  7:56  SCV  
  126  8:01  Supply Depot  
  126  8:02  Marine  
  126  8:04  SCV  
  128  8:06  Marine  
  128  8:07  Marine x2  
  128  8:10  Marine  
  128  8:12  Refinery, SCV  
  133  8:13  Supply Depot  
  133  8:22  Marine x2  
  133  8:23  Supply Depot, Marine, SCV x2  
  133  8:24  SCV  
  133  8:25  Marine  
  140  8:33  Supply Depot  
  140  8:34  Marauder  
  141  8:35  Marine  
  141  8:40  Marine  
  149  8:41  SCV  
  149  8:45  Marauder  
  148  8:50  Marine  
  127  9:06  Command Center  
Tags
 
Add a new tag
Caveats
  • Supply blocks, unpowered buildings, or Contaminate may cause inaccurate times.
  • Supply counts are checked every 10 seconds.